Unix NetHack Version 5.0.0-0 post-release - last build Jun 10 2026 00:39:30 (3ee93aec679c4c4259841fe613dc97188e26a321,branch:main).

Game began 2026-06-27 19:50:10, ended 2026-06-28 08:04:03.

Eymerich, chaotic male elven Priest

                          ....
                         ......--
                        .........[..
                        .........)<.
                        ....h......[
                        .....@....
                         -(......
                        ...---.*f
                        ----

Eymerich the Adept           St:9 Dx:14 Co:16 In:12 Wi:17 Ch:10  Chaotic
Dlvl:12 $:0  HP:0(62) Pw:90(97) AC:5  Xp:8 T:9092  Burdened

Latest messages:
 What do you want to ready? [- gkqtwACNV or ?*]
 N - 27 poisoned crude arrows (in quiver).
 In what direction?
 You kill the gnome lord!
 The gnome throws a dart!
 You are hit by a dart.
 In what direction?
 You kill the gnome!
 In what direction?
 You kill the gnome!
 What do you want to drop? [abd-ik-oq-zA-FH-RT-XZ or ?*]
 You drop 2 partly used candles.
 There is nothing here to pick up.
 You see here 2 partly used candles.
 There is nothing here to pick up.
 You see here 2 partly used candles.
 You can hear again.
 You see here 2 partly used candles.
 You see here 2 partly used candles.
 You have a little trouble lifting K - a partly used candle.
 What do you want to use or apply? [imnsyFHJ-LQT or ?*]
 Your candle's flame burns brightly!
 You have a little trouble lifting G - a partly used candle.
 You see here a dart.
 The hobbit picks up a crossbow.
 You have a little trouble lifting C - a dart (14 in total).
 The hobbit picks up 9 crossbow bolts.
 The hobbit wields a crossbow!
 You see here 2 crossbow bolts.
 The hobbit wields an elven dagger!
 You have a little trouble lifting S - 2 crossbow bolts.
 The hobbit wields a crossbow!
 The hobbit wields an elven dagger!
 The hobbit thrusts her elven dagger.
 The hobbit hits!
 You begin bashing monsters with your bow.
 You hit the hobbit.
 The hobbit thrusts her elven dagger.
 The hobbit hits!
 You hit the hobbit.
 You hit the hobbit.
 You secure the tether.
 t - a +2 aklys (tethered to right hand).
 z - a +0 bow (alternate weapon; not wielded).
 The hobbit thrusts her elven dagger.
 The hobbit hits!
 The hobbit thrusts her elven dagger.
 The hobbit hits!
 You die...
 Do you want your possessions identified? [ynq] (y)

Inventory:
 Amulets  ('"')
  R - a blessed amulet of guarding
 Weapons  (')')
  k - 24 +0 arrows
  S - 2 +0 crossbow bolts
  A - 8 poisoned +2 orcish arrows
  N - 24 poisoned +0 orcish arrows (in quiver)
  V - a +0 silver arrow
  z - a +0 bow (alternate weapon; not wielded)
  g - 24 blessed +1 darts
  C - 14 +0 darts
  q - a poisoned +2 dart
  w - a +0 dagger
  t - a +2 aklys (tethered to right hand)
 Armor    ('[')
  P - a +0 orcish helm (being worn)
  B - a blessed +1 pair of iron shoes (being worn)
  r - a blessed +1 dwarvish cloak
  O - a blessed +0 elven cloak (being worn)
  b - a +0 robe
 Comestibles  ('%')
  e - a food ration
  f - a sprig of wolfsbane
  M - a lichen corpse
 Scrolls  ('?')
  u - 2 scrolls of create monster
  x - a scroll of gold detection
  Z - a scroll of scare monster
 Potions  ('!')
  I - a potion of booze
  X - a potion of enlightenment
  W - 2 potions of gain energy
  l - a potion of healing
  d - 4 potions of holy water
 Rings    ('=')
  a - a ring of levitation
 Wands    ('/')
  y - a wand of probing (0:4)
  H - a wand of stasis (0:4)
  L - a wand of striking (0:2)
 Tools    ('(')
  Q - a blessed bag of holding containing 10 items
  i - a leather drum
  m - a tooled horn
  F - a lock pick
  J - a skeleton key
  G - a partly used tallow candle
  K - a partly used tallow candle (lit)
  n - a tin whistle
  T - a towel
 Gems/Stones  ('*')
  o - a diamond named hard
  U - 2 emeralds named hard
  D - a jet stone named valuable
  v - a worthless piece of blue glass named junk
  E - a worthless piece of orange glass named junk
  h - a worthless piece of violet glass named junk
  s - a touchstone named touchstone

Contents of the bag of holding:
  648 gold pieces
  a blessed +0 dwarvish mattock
  a clove of garlic
  a cram ration
  4 food rations
  a tripe ration
  a tin of coyote meat
  a lizard corpse
  a scroll of blank paper
  a scroll of gold detection

Eymerich the Priest's attributes:

Background:
 You were an Adept, a level 8 elven Priest.
 You were chaotic, on a mission for Set
 who was opposed by Mitra (lawful) and Crom (neutral).
 You were right-handed.
 You were in the Gnomish Mines, on level 12.
 You entered the dungeon 9092 turns ago.
 You had 2294 experience points, 266 more were needed to attain level 9.

Basics:
 You had 0 out of 62 hit points.
 You had 90 out of 97 energy points (spell power).
 Your armor class was 5.
 Your wallet was empty, but
 you had 648 zorkmids stashed away in your pack.
 Autopickup was off.

Final Characteristics:
 Your strength was 9 (peak:14, limit:18).
 Your dexterity was 14 (limit:18).
 Your constitution was 16 (limit:16).
 Your intelligence was 12 (limit:20).
 Your wisdom was 17 (limit:20).
 Your charisma was 10 (limit:18).

Final Status:
 You weren't hungry.
 You were burdened; movement was slightly slowed.
 You were wielding a club.
 You had expert skill with club.

Final Attributes:
 You were piously aligned.
 You were fire resistant.
 You were sleep resistant.
 You were telepathic.
 You had infravision.
 You were stealthy.
 You were warded.
 You are dead.

Miscellaneous:
 You didn't encounter any bones levels.
 Total elapsed playing time was 4 hours, 2 minutes and 57 seconds.

Major events:
 Turn
    1: Eymerich the chaotic elven Priest entered the dungeon
 1134: attained the rank of Acolyte (level 3)
 1488: entered the Gnomish Mines
 3212: attained the rank of Adept (level 6)
 6202: reached Mine Town
 9092: killed by a hobbit

Spells:
 Name                 Level Category     Fail Retention
 healing                1   healing       10%   51%-75%
 detect monsters        1   divination    27%   51%-75%
 slow monster           2   enchantment   80%   51%-75%
 knock                  1   matter        27%   51%-75%
 protection             1   clerical      27%   81%-90%

Skills:
 Fighting Skills
   bare handed combat [Unskilled]
 Weapon Skills
   club               [Expert]
   mace               [Basic]
   morning star       [Unskilled]
   flail              [Unskilled]
   hammer             [Unskilled]
   quarterstaff       [Unskilled]
   polearms           [Unskilled]
   spear              [Unskilled]
   trident            [Unskilled]
   lance              [Unskilled]
   bow                [Basic]
   sling              [Unskilled]
   crossbow           [Unskilled]
   dart               [Unskilled]
   shuriken           [Unskilled]
   boomerang          [Unskilled]
   unicorn horn       [Unskilled]
 Spellcasting Skills
   healing spells     [Unskilled]
   divination spells  [Unskilled]
   clerical spells    [Basic]

Voluntary challenges:
 Character rerolling was not enabled.
 You never genocided any monsters.
 You never polymorphed an object.
 You never changed form.
 You used no wishes.
Achievements:
 You entered a shop.
 You attained the rank of Acolyte.
 You entered the Gnomish Mines.
 You attained the rank of Adept.
 You entered Minetown.
 You entered a temple.

 The Dungeons of Doom: levels 1 to 4
    Level 1:
       A fountain.
    Level 2: "vault"
       A general store, a grave.
    Level 3:
    Level 4: "vault"
       A fountain.
       Stairs down to The Gnomish Mines.
 The Gnomish Mines: levels 5 to 12
    Level 5:
    Level 6:
    Level 7:
    Level 8:
       Many shops, a temple and an altar to Set, some fountains.
    Level 9: "chest 5 items"
    Level 10:
    Level 11:
    Level 12: <- You were here.
       Final resting place for
          you, killed by a hobbit.


Vanquished creatures:
  a black naga
  5 small mimics
 an elf mummy
  a leather golem
  a crocodile
  a gremlin
 an iron piercer
  3 giant spiders
  a black light
  a vampire bat
  2 gnome rulers
  2 ogres
  a lizard
  a jaguar
  a dust vortex
  a raven
  a plains centaur
  a water moccasin
  4 human zombies
  2 fire ants
 23 Uruk-hai
  3 rock piercers
  a rock mole
  a pony
  2 fog clouds
  2 yellow lights
  a shrieker
 13 gnome leaders
  4 gnomish wizards
  2 gray oozes
 an elf zombie
  2 straw golems
  a paper golem
  a little dog
  5 floating eyes
  a kitten
 19 dwarves
  a homunculus
  a kobold shaman
  8 hill orcs
  a rothe
 an orc zombie
  a wererat
  5 iguanas
  3 killer bees
  2 acid blobs
  2 gas spores
  3 hobbits
  a manes
  a large kobold
  a hobgoblin
  2 giant rats
  2 cave spiders
  a yellow mold
 53 gnomes
  a gnome zombie
  9 geckos
  7 jackals
  a fox
  a kobold
  5 goblins
  2 sewer rats
  4 grid bugs
  a bat
  5 lichens
  2 kobold zombies
 13 newts
254 creatures vanquished.

No species were genocided or became extinct.

Game over:
                       ----------
                      /          \
                     /    REST    \
                    /      IN      \
                   /     PEACE      \
                  /                  \
                  |     Eymerich     |
                  |      648 Au      |
                  |   killed by a    |
                  |      hobbit      |
                  |                  |
                  |                  |
                  |       2026       |
                 *|     *  *  *      | *
        _________)/\\_//(\/(/\)/\//\/|_)_______

Goodbye Eymerich the Priest...

You died in The Gnomish Mines on dungeon level 12 with 10320 points,
and 648 pieces of gold, after 9092 moves.
You were level 8 with a maximum of 62 hit points when you died.

